 Dungeon Crawl Stone Soup version 0.29.1-2-gbd0b4ee654 (webtiles) character file.

Game seed: 9340298061525042851

3 xian the Vexing (level 1, 0/15 HPs)
             Began as a Demonspawn Arcane Marksman on Nov 8, 2022.
             Slain by a kobold
             ... wielding a +0 dagger
              (1 damage)
             ... on level 1 of the Dungeon.
             The game lasted 00:00:19 (66 turns).

xian the Vexing (Demonspawn Arcane Marksman)          Turns: 66, Time: 00:00:20

Health: 0/15       AC:  2    Str: 10    XL:     1   Next: 41%
Magic:  2/2        EV: 12    Int: 14    God:
Gold:   0          SH:  0    Dex: 13    Spells: 1/2 levels left

rFire   . . .      SeeInvis .   a - +1 sling
rCold   . . .      Faith    .   (no shield)
rNeg    . . .      Spirit   .   c - +0 robe
rPois   .          Reflect  .   (no helmet)
rElec   .          Harm     .   (no cloak)
rCorr   .          Rampage  .   (no gloves)
Will    .....                   (no boots)
Stlth   +.........              (no amulet)
HPRegen 0.05/turn               (no ring)
MPRegen 0.08/turn               (no ring)

@: no status effects
A: no striking features
a: no special abilities


You were on level 1 of the Dungeon.
You visited 1 branch of the dungeon, and saw 1 of its levels.

Inventory:

Hand Weapons
 a - a +1 sling (weapon)
Armour
 c - a +0 robe (worn)
Scrolls
 b - a scroll of poison
 d - a scroll of identify {unknown}


   Skills:
 + Level 1.0 Fighting
 + Level 1.8 Ranged Weapons
 + Level 1.9 Dodging
 + Level 1.0 Spellcasting
 + Level 3.1 Hexes


You had one spell level left.
You knew the following spells:

 Your Spells              Type           Power      Damage    Failure   Level
a - Slow                  Hex            36%        N/A       8%          1

Your spell library contained the following spells:

 Spells                   Type           Power      Damage    Failure   Level
 Inner Flame              Hex/Fire       5%         N/A       38%         3
 Portal Projectile        Hex/Tloc       10%        N/A       38%         3
 Cause Fear               Hex            4%         N/A       58%         4


Dungeon Overview and Level Annotations

Branches:
Dungeon (1/15)

Altars:


Message History

The jackal closely misses you. The jackal bites you. x2
The jackal barely misses you.
Unknown command.
The jackal bites you.
You shoot a sling bullet. The sling bullet misses the jackal.
The jackal closely misses you. x2; The kobold barely misses you.
The jackal closely misses you. The jackal bites you.
The endoplasm jiggles.
The kobold hits you with a +0 dagger.
You are too injured to fight recklessly!
You are too injured to fight recklessly!
You are too injured to fight recklessly!
You are too injured to fight recklessly!
Unknown command.
Fire: a) +1 sling
Press: ? - help, Q - select action, (/) - cycle Shift-Dir - straight line, f/p - jackal
Aim: a jackal (45% to hit)
You shoot a sling bullet.
The sling bullet barely misses the jackal.
The jackal bites you.
* * * LOW HITPOINT WARNING * * *
The jackal closely misses you. The jackal misses you.
The kobold closely misses you. The jackal misses you.
Fire: a) +1 sling
Press: ? - help, Q - select action, (/) - cycle Shift-Dir - straight line, f - kobold, p - jackal
Aim: a kobold, wielding a +0 dagger (45% to hit)
You shoot a sling bullet. The sling bullet hits the kobold.
The kobold is moderately wounded.
The jackal misses you. The jackal bites you.
* * * LOW HITPOINT WARNING * * *
The kobold closely misses you. The jackal misses you.
The jackal closely misses you.
Fire: a) +1 sling
Press: ? - help, Q - select action, (/) - cycle Shift-Dir - straight line, f/p - kobold
Aim: a kobold, wielding a +0 dagger (moderately wounded, 45% to hit)
You shoot a sling bullet.
The sling bullet barely misses the kobold.
The sling bullet completely misses the endoplasm.
The jackal barely misses you. The kobold hits you with a +0 dagger.
You die...

...... #..#.
###..#. ...[.
.... # #. #.
#..#.# #..#.
#.J#.#####
..#.###hKh......
#
.....##@#.#####
#. #......# #
###.##......#
............#
##.........#
#..........#
####
#..##..#####
##..## ###.#
#<##.## #.#
#####.##


You could see an endoplasm, 2 jackals and a kobold.

Vanquished Creatures
  2 jackals (D:1)
  A goblin (D:1)
3 creatures vanquished.

Notes
Turn   | Place    | Note
-------+----------+-------------------------------------------
     0 | D:1      | xian the Demonspawn Arcane Marksman began the quest for the
                  | Orb.
     0 | D:1      | Reached XP level 1. HP: 15/15 MP: 2/2
    66 | D:1      | Slain by a kobold

Illustrated notes

Levels and vault maps discovered:
D:1:      dpeg_arrival_solitude, layout_loops_ring

Action                   || total
-------------------------++-------
 Fire: Sling             ||    13
 Cast: Slow              ||     1
Armor: Robe              ||     2
Dodge: Dodged            ||    20
